 Dungeon Crawl Stone Soup version 0.22-a0-362-g535178c (webtiles) character file.

220 Amnesiac the Grave Robber (level 5, 0/39 HPs)
             Began as a Mummy Necromancer on Apr 20, 2018.
             Slain by Edmund
             ... wielding a +3 flail of holy wrath
              (5 damage)
             ... on level 4 of the Dungeon.
             The game lasted 00:08:19 (2755 turns).

Amnesiac the Grave Robber (Mummy Necromancer)       Turns: 2755, Time: 00:08:20

Health: 0/39       AC:  6    Str: 12    XL:     5   Next: 64%
Magic:  1/9        EV: 12    Int: 15    God:
Gold:   40         SH:  0    Dex: 15    Spells: 5/10 levels left

rFire    x . .     SeeInvis .   b - +0 hunting sling
rCold    + . .     Gourm    .   (no shield)
rNeg     + + +     Faith    .   m - +0 ring mail
rPois    ∞         Spirit   .   l - +0 helmet
rElec    .         Reflect  .   (no cloak)
rCorr    .         Harm     .   (no gloves)
MR       .....                  (no boots)
Stlth    +.........             i - amulet of inaccuracy (curse)
HPRegen  0.13/turn              f - +3 ring of dexterity
MPRegen  0.11/turn              (no ring)

@: no status effects
A: no food or potions, fire vulnerability, cold resistance 1, negative energy
resistance 3, torment resistance, unbreathing
a: no special abilities


You were on level 4 of the Dungeon.
You were not hungry.

You visited 1 branch of the dungeon, and saw 5 of its levels.

You collected 40 gold pieces.

Inventory:

Hand Weapons
 a - a +0 halberd
 b - a +0 hunting sling (weapon)
Missiles
 c - 61 stones (quivered)
 k - 2 throwing nets
 n - 25 sling bullets
Armour
 j - a +0 robe
 l - a +0 helmet (worn)
 m - a +0 ring mail (worn)
Jewellery
 d - a +2 amulet of reflection
 f - a +3 ring of dexterity (left hand)
 i - a cursed amulet of inaccuracy (around neck)
Scrolls
 e - a scroll of teleportation {!r}
 g - a scroll of remove curse {!r}
 h - a scroll of enchant armour {!r}
 o - 2 scrolls of fear {!r}


   Skills:
 + Level 2.4 Fighting
 * Level 3.6 Dodging
 - Level 1.5 Stealth
 - Level 3.0 Spellcasting
 + Level 4.8 Necromancy


You had 5 spell levels left.
You knew the following spells:

 Your Spells              Type           Power        Failure   Level  Hunger
a - Pain                  Necr           ###.         6%          1    N/A
d - Vampiric Draining     Necr           ###.......   19%         3    N/A
z - Confusing Touch       Hex            #.....       41%         1    N/A

Dungeon Overview and Level Annotations

Branches:
Dungeon (5/15)
 Temple: D:4-7

Altars:
Ashenzari
Gozag

Annotations:
D:3 Ijyb; Totori's ghost, amateur HuSk
D:4 Edmund


Innate Abilities, Weirdness & Mutations

You do not eat or drink.
Your flesh is vulnerable to fire.
You are immune to poison.
Your flesh is cold resistant. (rC+)
You are immune to negative energy. (rN+++)
You are immune to unholy pain and torment.
You can survive without breathing.


Message History

Casting: Vampiric Draining (safe; 19% risk of failure)
Confirm with . or Enter, or press ? or * to list all spells.
Aiming: Vampiric Draining (safe; 19% risk of failure)
Press: ? - help, Shift-Dir - straight line, f/p - Edmund
Aim: Edmund, wielding a flail of holy wrath and wearing a scale mail (moderately wounded)
You miscast Vampiric Draining.
You feel very uncomfortable.
Edmund hits you with a flail of holy wrath.
You convulse.
There is an open door here.
Edmund gestures with his flail.
Edmund grinds his teeth, and then sighs.
Edmund says, "You wouldn't believe how much I paid for this flail."
Edmund barely misses you.
There is an open door here.
Casting: Vampiric Draining (safe; 19% risk of failure)
Confirm with . or Enter, or press ? or * to list all spells.
You can't see any susceptible monsters within range! (Use Z to cast anyway.)
There is an open door here.
Your magical contamination has completely faded away.
Casting: Vampiric Draining (safe; 19% risk of failure)
Confirm with . or Enter, or press ? or * to list all spells.
Aiming: Vampiric Draining (safe; 19% risk of failure)
Press: ? - help, Shift-Dir - straight line, f/p - Edmund
Aim: Edmund, wielding a flail of holy wrath and wearing a scale mail (moderately wounded) Edmund is heavily wounded.
You feel life coursing into your body.
Edmund hits you with a flail of holy wrath.
You convulse.
There is an open door here.
Edmund says, "You wouldn't believe how much I paid for this flail."
There is an open door here.
There is an open door here.
There is an open door here.
Edmund says, "I might not be good at magic, but I can still kill you!"
Casting: Vampiric Draining (safe; 19% risk of failure)
Confirm with . or Enter, or press ? or * to list all spells.
Aiming: Vampiric Draining (safe; 19% risk of failure)
Press: ? - help, Shift-Dir - straight line, f/p - Edmund
Aim: Edmund, wielding a flail of holy wrath and wearing a scale mail (heavily wounded) Edmund is severely wounded.
You feel life coursing into your body.
Edmund hits you with a flail of holy wrath.
You convulse.
Casting: Vampiric Draining (safe; 19% risk of failure)
Confirm with . or Enter, or press ? or * to list all spells.
Aiming: Vampiric Draining (safe; 19% risk of failure)
Press: ? - help, Shift-Dir - straight line, f/p - Edmund
Aim: Edmund, wielding a flail of holy wrath and wearing a scale mail (severely wounded) Edmund is severely wounded.
You feel life coursing into your body.
Edmund hits you with a flail of holy wrath.
You convulse.
There is an open door here.
Edmund hits you with a flail of holy wrath!
You convulse!
* * * LOW HITPOINT WARNING * * *
Firing (i - inventory. (/) - cycle)
c - 62 stones (quivered)
Press: ? - help, Shift-Dir - straight line, f/p - Edmund
Aim: Edmund, wielding a flail of holy wrath and wearing a scale mail (severely wounded)
You shoot a stone. The stone barely misses Edmund.
Edmund hits you with a flail of holy wrath!
* * * LOW HITPOINT WARNING * * *
You convulse.
You die...

########'##....!...#
#....$##.##...#'#####
#.....'..##...'.....)
#.....##......##.####
#[....##.#.##.##.#
#.....##.#..#.##.#
####'###.##.#'##.#
#.###.##....#..
####@..#..@....##.
#...@..#####...# .#
#...?..#....#'## ..
#..?(..#.##.#.# #.##
######.#<##.#.# ..#
#######'####.#.# #.#
#............#'#####.#
#.........#.%......#..
#......(..#.!......'..


You could see Edmund.

Vanquished Creatures
  A bullfrog skeleton (D:4)
  An iguana (D:3)
  A hound skeleton (D:4)
  Robin (D:4)
  7 gnolls
  4 adders
  An ooze (D:1)
  An orc (D:3)
  4 giant cockroaches
  8 goblins
  3 hobgoblins
  2 kobolds (D:1)
  A quokka (D:2)
  A bat (D:3)
  8 rats
44 creatures vanquished.

Notes
Turn   | Place    | Note
-------+----------+-------------------------------------------
     0 | D:1      | Amnesiac the Mummy Necromancer began the quest for the Orb.
     0 | D:1      | Reached XP level 1. HP: 13/13 MP: 4/4
   154 | D:1      | Reached XP level 2. HP: 16/20 MP: 3/5
   388 | D:3      | Noticed Totori's ghost (amateur HuSk)
   453 | D:2      | Found an opulent altar of Gozag.
   553 | D:2      | Reached skill level 1 in Fighting
   644 | D:3      | Reached XP level 3. HP: 26/26 MP: 4/7
   653 | D:3      | Learned a level 3 spell: Vampiric Draining
   706 | D:3      | Noticed Ijyb
   981 | D:4      | Noticed Edmund
  1344 | D:3      | Reached XP level 4. HP: 28/33 MP: 0/8
  1674 | D:3      | Reached XP level 5. HP: 33/38 MP: 0/9
  1775 | D:4      | Learned a level 1 spell: Confusing Touch
  1872 | D:4      | Noticed Robin
  1880 | D:4      | Killed Robin
  2348 | D:5      | Entered Level 5 of the Dungeon
  2432 | D:4      | Found a shattered altar of Ashenzari.
  2755 | D:4      | Slain by Edmund

Vault maps used:
D:1:      kennysheep_arrival_seaside
D:2:      lemuel_round_altar, lemuel_round_altar, first_ration
D:3:      cheibrodos_greedy_goblins, okawaru_ov_weapons_minmay, uniq_ijyb
D:4:      overflow_temple_1_default, uniq_crazy_yiuf_cottage, uniq_edmund,
          uniq_robin
D:5:      kennysheep_mini_moat, temple_hall, basic_altar, goddamned_bats

Skill      XL: |  1  2  3  4 |
---------------+-------------+-----
Dodging        | 2 3 |  3.6
Spellcasting   | 3 |  3.0
Fighting       | 1 2 |  2.4
Stealth        | |  1.5
Necromancy     | |  4.8

Action                   |  1- 3 |  4- 6 || total
-------------------------+-------+-------++-------
Melee: Unarmed           |    16 |       ||    16
       Halberd           |       |    13 ||    13
 Fire: Hunting sling     |       |    79 ||    79
 Cast: Pain              |    52 |    20 ||    72
       Vampiric Draining |     2 |    16 ||    18
  Use: Scroll            |     4 |     1 ||     5
 Stab: Sleeping          |     1 |       ||     1
Armor: Robe              |    10 |    11 ||    21
       Ring mail         |       |     3 ||     3
Dodge: Dodged            |    40 |    76 ||   116

Table legend:
 A = Spawn XP
 B = Non-spawn XP
 C = Spawn XP percentage of total XP
 D = Spawn monster count
 E = Non-spawn monster count
 F = Spawn count percentage of total count
 G = Total turns spent on level
                    A         B        C        D         E        F      G
               +---------+---------+-------+---------+---------+-------+---------
         Total |       0 |     315 |   0.0 |       0 |      44 |   0.0 |  2755
               +---------+---------+-------+---------+---------+-------+---------
           D:1 |       0 |      18 |   0.0 |       0 |       8 |   0.0 |   279
           D:2 |       0 |      21 |   0.0 |       0 |       6 |   0.0 |   328
           D:3 |       0 |     159 |   0.0 |       0 |      16 |   0.0 |  1186
           D:4 |       0 |     117 |   0.0 |       0 |      14 |   0.0 |   931
               +---------+---------+-------+---------+---------+-------+---------
